 Dungeon Crawl Stone Soup version 0.31-a0-986-g5e6e4ef867 (webtiles) character file.

Game seed: 9409526945383472070

230 gelatine the Trooper (level 5, -2/42 HPs)
             Began as a Demonspawn Fighter on Nov 14, 2023.
             Slain by an ogre
             ... wielding a +0 giant spiked club
              (25 damage)
             ... on level 4 of the Dungeon.
             The game lasted 00:09:06 (3105 turns).

gelatine the Trooper (Demonspawn Fighter)           Turns: 3105, Time: 00:09:07

Health: -2/42      AC: 14    Str: 18    XL:     5   Next: 72%
Magic:  5/5        EV: 14    Int: 10    God:
Gold:   158        SH:  4    Dex: 12    Spells: 2/4 levels left

rFire   . . .        a - +0 war axe (protect)
rCold   . . .        c - +0 buckler
rNeg    . . .        b - +0 scale mail
rPois   .            e - +0 helmet
rElec   .            q - +0 cloak
rCorr   .            (no gloves)
SInv    .            l - +0 pair of boots
Will    .....        u - amulet of regeneration Stlth
                     h - +4 ring of protection
HPRegen 1.07/turn    j - +5 ring of evasion
MPRegen 0.09/turn

%: no passive effects
@: no status effects
A: demonic guardian 1
a: no special abilities


You were on level 4 of the Dungeon.
You visited 1 branch of the dungeon, and saw 4 of its levels.

You collected 158 gold pieces.

Inventory:

Hand Weapons
 a - a +0 war axe of protection (weapon)
Missiles
 g - 11 boomerangs
 i - 8 poisoned darts (quivered)
Armour
 b - a +0 scale mail (worn)
 c - a +0 buckler (worn)
 e - a +0 helmet (worn)
 l - a +0 pair of boots (worn)
 q - a +0 cloak (worn)
Jewellery
 h - a +4 ring of protection (left hand)
 j - a +5 ring of evasion (right hand)
 m - an amulet of guardian spirit
 u - an amulet of regeneration (around neck)
Scrolls
 f - 2 scrolls of teleportation {unknown}
 k - a scroll of fog {unknown}
 n - a scroll of enchant weapon {unknown}
 o - a scroll of fear
 v - a scroll of identify
Potions
 d - a potion of might
 p - a potion of heal wounds {unknown}
 r - a potion of lignification {unknown}
 s - 2 potions of haste {unknown}
 t - 2 potions of attraction {unknown}
 w - 2 potions of curing {unknown}


   Skills:
 * Level 4.0 Fighting
 * Level 3.6 Axes
 * Level 3.2 Armour
 * Level 1.6 Dodging
 + Level 0.4 Stealth
 * Level 3.2 Shields


You had 2 spell levels left.
You knew the following spells:

 Your Spells              Type           Power      Damage    Failure   Level
a - Scorch                Fire           0%         2d5       92%         2

Your spell library contained the following spells:

 Spells                   Type           Power      Damage    Failure   Level
 Gell's Gravitas          Tloc           0%         N/A       99%         3
 Teleport Other           Tloc           0%         N/A       99%         3
 Flame Wave               Conj/Fire      0%         2d4       100%        4
 Dispersal                Tloc           0%         N/A       100%        6
 Summon Cactus Giant      Summ           0%         N/A       100%        6


Dungeon Overview and Level Annotations

Branches:
Dungeon (4/15)
 Temple: D:4-7

Altars:

Annotations:
D:3 3 runed translucent doors, hito's ghost, weakling GnRe


Innate Abilities, Weirdness & Mutations

A weak demonic guardian rushes to your aid.


Message History

Your weapon exudes an aura of protection.
You kill the adder!
Found a whip.
v - a scroll of identify
w - 2 bubbling yellow potions A ball python comes into view.
The ball python hisses angrily.
Found a There-And-Back Book.
The ball python closely misses you. x2
You slash the ball python!
Your weapon exudes an aura of protection.
You kill the ball python!
Found a dagger.
You pick up a There-And-Back Book and begin reading...
You add the spells Gell's Gravitas, Teleport Other and Dispersal to your library.
An ogre comes into view. It is wielding a +0 giant spiked club.
An ogre is nearby!
There's something in the way.
The ogre shouts!
You throw a poisoned dart. The poisoned dart hits the ogre.
The ogre is poisoned.
You throw a poisoned dart. The poisoned dart hits the ogre.
The ogre looks even sicker.
The ogre is lightly wounded.
You throw a poisoned dart. The poisoned dart hits the ogre.
The ogre looks even sicker.
The ogre is lightly wounded.
You slash the ogre!
Your weapon exudes an aura of protection.
The ogre is heavily wounded.
The ogre hits you with a +0 giant spiked club!!
Ouch! That really hurt!
A demonic guardian appears!
You barely miss the ogre.
The ogre is heavily wounded.
The ogre closely misses you.
You closely miss the ogre.
The ogre is severely wounded.
The ogre hits you with a +0 giant spiked club!!
Ouch! That really hurt!
You die...

..##.##...#.. #.# .#
#.#...#.#.#.# #.#
...#... ...#...# #.#
#.#.#.. #.#.#.###.###.#
...##.##...#..##...)..
#.......#.#.#######.#
...##.###.##...#.......#
.#....5......#.##.######
.##.###@###)##....#
...(((O........#.##
#.###.###.###.##.#
###### #........#
##########


You could see an ogre (very poisoned, ally target) and a friendly ufetubus
(summoned).

Vanquished Creatures
  An orc priest (D:4)
  Terence (D:2)
  An orc wizard (D:4)
  Robin (D:3)
  3 adders
  2 worms
  A dart slug (D:1)
  10 orcs
  6 endoplasms
  2 giant cockroaches
  12 goblins
  11 hobgoblins
  3 jackals (D:2)
  7 quokkas
  5 ball pythons
  7 bats
  3 frilled lizards
  6 kobolds
  3 rats
85 creatures vanquished.

Vanquished Creatures (collateral kills)
  An orc (D:4)
  A hobgoblin (D:1)
2 creatures vanquished.

Grand Total: 87 creatures vanquished

Notes
Turn   | Place    | Note
-------+----------+-------------------------------------------
     0 | D:1      | gelatine the Demonspawn Fighter began the quest for the
                  | Orb.
     0 | D:1      | Reached XP level 1. HP: 18/18 MP: 1/1
    96 | D:1      | Gained mutation: A weak demonic guardian rushes to your
                  | aid. [demonic ancestry]
    96 | D:1      | Reached XP level 2. HP: 18/23 MP: 2/2
   834 | D:2      | Reached XP level 3. HP: 29/29 MP: 3/3
  1410 | D:2      | Noticed Terence
  1423 | D:2      | Killed Terence
  1424 | D:2      | Reached XP level 4. HP: 24/37 MP: 4/4
  1882 | D:3      | Found a faded altar of an unknown god.
  1931 | D:3      | Noticed Robin
  1946 | D:3      | Killed Robin
  2095 | D:3      | Reached XP level 5. HP: 39/42 MP: 5/5
  2124 | D:3      | Found a runed translucent gate.
  2124 | D:3      | Found a runed translucent gate.
  2124 | D:3      | Found a runed translucent gate.
  2865 | D:3      | Noticed hito's ghost (weakling GnRe)
  2939 | D:4      | Reached skill level 4 in Fighting
  2939 | D:4      | Reached skill level 1 in Dodging
  3008 | D:4      | Learned a level 2 spell: Scorch
  3081 | D:4      | Noticed an ogre
  3105 | D:4      | Slain by an ogre

Illustrated notes

Levels and vault maps discovered:
D:1:      roadster_arrival_rocket_small, layout_basic
D:2:      layout_basic, minmay_tripent, uniq_terence
D:3:      layout_loops_cross, gammafunk_ghost_icy,
          ebering_ecumenical_altar_petrified, serial_co_window_serial,
          co_window_corner_a, co_window_of_opportunity_a, co_window_paths_b,
          co_window_paths_a, co_window_corner_a, co_window_broadway_b,
          co_window_of_opportunity_b, co_window_of_opportunity_c,
          co_window_4corner_b, glass_columns_b, uniq_robin
D:4:      layout_loops_ring, general_overflow_altar,
          nicolae_concentric_dashed_squares_wild, kennysheep_generic_room_14

Skill      XL: |  1  2  3  4  5 |
---------------+----------------+-----
Axes           | 2 3 |  3.6
Armour         | 3 |  3.2
Shields        | 3 |  3.2
Fighting       | 4 |  4.0
Dodging        | 1 |  1.6
Stealth        | |  0.4

Action                     |  1- 3 |  4- 6 || total
---------------------------+-------+-------++-------
  Melee: War axe           |    98 |   116 ||   214
  Throw: Stone             |    20 |       ||    20
         Dart              |       |    12 ||    12
    Use: Scroll            |       |     6 ||     6
   Stab: Distracted        |       |     1 ||     1
 Armour: Scale mail        |    72 |    81 ||   153
  Dodge: Dodged            |    89 |    98 ||   187
  Block: Buckler           |    34 |    31 ||    65

Table legend: (Time is in decaauts)
 A = Elapsed time spent in this place.
 B = Non-inter-level travel time spent in this place.
 C = Inter-level travel time spent in this place.
 D = Time resting spent in this place.
 E = Time spent auto-exploring this place.
 F = Levels seen in this place.
 G = Mean time per level.
                   A        B        C        D        E       F      G
               +--------+--------+--------+--------+--------+-----+--------+
         Total |   3193 |   3120 |     73 |      0 |   2304 |   4 |  798.2 |
       Dungeon |   3193 |   3120 |     73 |      0 |   2304 |   4 |  798.2 |
               +--------+--------+--------+--------+--------+-----+--------+

Top non-repeatable levels by time:
     D:3: 1115 daAuts
     D:2: 1050 daAuts
     D:1: 816 daAuts
     D:4: 211 daAuts
